 Dungeon Sprint DCSS version 0.28.0-43-g3370ac3207 (webtiles) character file.

Game seed: 15130058646048119727

4050 boopmooplesden the Fencer (level 10, -1/107 HPs)
             Began as a Minotaur Berserker on Mar 19, 2022.
             Was a High Priest of Trog.
             Slain by an unseen horror (5 damage)
             ... in the Dungeon (Sprint I: "Red Sonja").
             The game lasted 00:03:20 (1264 turns).

boopmooplesden the Fencer (Minotaur Berserker)      Turns: 1264, Time: 00:03:20

Health: -1/107     AC:  8    Str: 22    XL:     10   Next: 4%
Magic:  9/9        EV: 16    Int:  4    God:    Trog [*****.]
Gold:   575        SH:  0    Dex: 14    Spells: 9/9 levels left

rFire   . . .      SeeInvis .   a - +0 falchion
rCold   + . .      Faith    .   (no shield)
rNeg    . . .      Spirit   .   m - +1 leather armour {rC+}
rPois   .          Reflect  .   (helmet restricted)
rElec   .          Harm     .   h - +2 cloak
rCorr   .          Rampage  .   (no gloves)
Will    .....      NoTele   +   (no boots)
Stlth   +++.......              (no amulet)
HPRegen 0.27/turn               (no ring)
MPRegen 0.11/turn               (no ring)

@: on berserk cooldown, hasted, very quick
A: horns 2, retaliatory headbutt
a: Renounce Religion, Berserk, Trog's Hand, Brothers in Arms


You were in the Dungeon.
You worshipped Trog.
Trog was extremely pleased with you.
You visited 1 branch You collected 743 gold pieces.
You spent 168 gold pieces at shops.

Inventory:

Hand Weapons
 a - a +0 falchion (weapon)
Armour
 b - a +0 animal skin
 h - a +2 cloak (worn)
 j - a +0 leather armour
 m - a +1 leather armour of cold resistance (worn)
Wands
 i - a wand of acid (8)
Scrolls
 l - a scroll of holy word {unknown}
Potions
 f - 2 potions of magic
 g - a potion of berserk rage
 k - a potion of degeneration {unknown}


   Skills:
 + Level 15.9 Fighting
 + Level 18.0 Long Blades
 + Level 8.8 Armour
 + Level 10.2 Dodging
 + Level 4.6 Stealth


You had 9 spell levels left.
You didn't know any spells.
Your spell library was empty.

Dungeon Overview and Level Annotations

Branches:
Dungeon (1/1)

Altars:
Cheibriados
Dithmenos
Elyvilon
Fedhas
Gozag
Hepliaklqana
Kikubaaqudgha
Makhleb
Nemelex Xobeh
Okawaru
Qazlal
Ru
Sif Muna
Trog
Uskayaw
Vehumet
Wu Jian
Xom
Yredelemnul
Zin
The Shining One
Jiyva
Lugonu

Shops:
D *[


Innate Abilities, Weirdness & Mutations

You have a pair of horns on your head.
You reflexively headbutt those who attack you in melee.


Message History

You miss something. Something hits you.
* * * LOW HITPOINT WARNING * * *
Something barely misses you.
You hit something. Something hits you but does no damage.
Something hits you but does no damage. Something hits you.
* * * LOW HITPOINT WARNING * * *
Something hits you.
* * * LOW HITPOINT WARNING * * *
You hit something but do no damage. You headbutt something. Something hits you.
* * * LOW HITPOINT WARNING * * *
You feel better. Something hits you.
* * * LOW HITPOINT WARNING * * *
You feel better. Something hits you.
* * * LOW HITPOINT WARNING * * *
Something hits you.
* * * LOW HITPOINT WARNING * * *
Something hits you but does no damage.
You feel yourself speed up. Something completely misses you.
You miss something. Something hits you but does no damage.
You barely miss something.
Something hits you but does no damage. x2
You barely miss something. Your punch misses something. Something hits you!
* * * LOW HITPOINT WARNING * * *
Something hits you.
* * * LOW HITPOINT WARNING * * *
Something barely misses you. Something hits you.
* * * LOW HITPOINT WARNING * * *
You swing at nothing.
Something hits you.
* * * LOW HITPOINT WARNING * * *
You hit something. Your headbutt misses something.
Something hits you but does no damage. Something closely misses you.
You feel yourself speed up. Something closely misses you.
Something completely misses you.
You hit something but do no damage. Your headbutt misses something.
Something hits you but does no damage.
You slash something! Something hits you but does no damage. Something hits you.
You die...

__##'#_.'§§≈§§§§.#
...'..._#≈§≈§)#..#
__##_.#'##'#####'###
__###+#.#§§..###.'.#
### ####§###)###.#
+..§§§'(∩##.#
###########§#
#.......##§#
#......{@§§#
#+++######§# #§# +.#
###


There were no monsters in sight!

Vanquished Creatures
  2 centaur warriors (D)
  A deep troll (D)
  An oklob plant (D)
  2 kobold demonologists (D)
  An unseen horror (D)
  A hornet (D)
  A slime creature (D)
  Sigmund (D)
  A yak (D)
  2 redbacks (D)
  A floating eye (D)
  An ogre (D)
  A jelly (D)
  Ijyb (D)
17 creatures vanquished.

Notes
Turn   | Place    | Note
-------+----------+-------------------------------------------
     0 | D        | boopmooplesden the Minotaur Berserker began the quest for
                  | the Orb.
     0 | D        | Reached XP level 1. HP: 19/19 MP: 0/0
     1 | D        | Noticed Ijyb
     5 | D        | Killed Ijyb
     6 | D        | Reached skill level 5 in Fighting
     6 | D        | Reached skill level 5 in Long Blades
     6 | D        | Reached XP level 2. HP: 28/29 MP: 1/1
    44 | D        | Noticed an ogre
    47 | D        | Killed an ogre
    48 | D        | Reached skill level 7 in Long Blades
    48 | D        | Reached XP level 3. HP: 33/40 MP: 2/2
    48 | D        | Reached XP level 4. HP: 40/48 MP: 3/3
   270 | D        | Noticed Sigmund
   280 | D        | Killed Sigmund
   280 | D        | Reached ** piety under Trog
   281 | D        | Reached skill level 10 in Long Blades
   281 | D        | Reached skill level 5 in Armour
   281 | D        | Reached skill level 5 in Dodging
   281 | D        | Reached XP level 5. HP: 58/58 MP: 4/4
   281 | D        | Reached XP level 6. HP: 66/66 MP: 5/5
   313 | D        | Found a burning altar of Makhleb.
   313 | D        | Found a viscous altar of Jiyva.
   313 | D        | Found a shimmering altar of Xom.
   313 | D        | Found a corrupted altar of Lugonu.
   313 | D        | Noticed a slime creature
   320 | D        | Killed a slime creature
   321 | D        | Reached skill level 11 in Long Blades
   321 | D        | Reached skill level 1 in Stealth
   357 | D        | Noticed a kobold demonologist
   359 | D        | Noticed a floating eye
   359 | D        | Noticed a kobold demonologist
   363 | D        | Paralysed by a floating eye for 4 turns
   365 | D        | Noticed a smoke demon
   366 | D        | Noticed a hellwing
   368 | D        | Killed a floating eye
   369 | D        | Reached skill level 12 in Long Blades
   369 | D        | Reached XP level 7. HP: 74/74 MP: 6/6
   372 | D        | Killed a kobold demonologist
   373 | D        | Reached skill level 13 in Long Blades
   382 | D        | Killed a kobold demonologist
   382 | D        | Reached *** piety under Trog
   383 | D        | Reached skill level 14 in Long Blades
   383 | D        | Reached XP level 8. HP: 52/85 MP: 7/7
   393 | D        | Found an ornate altar of the Wu Jian Council.
   393 | D        | Found a shimmering blue altar of Sif Muna.
   395 | D        | Found a radiant altar of Vehumet.
   541 | D        | Found Reseen's General Store.
   541 | D        | Found an ancient bone altar of Kikubaaqudgha.
   541 | D        | Found a hazy altar of Hepliaklqana.
   541 | D        | Found a hide-covered altar of Uskayaw.
   541 | D        | Found a basalt altar of Yredelemnul.
   541 | D        | Found an opulent altar of Gozag.
   541 | D        | Found a snail-covered altar of Cheibriados.
   541 | D        | Found a sacrificial altar of Ru.
   541 | D        | Found a shadowy altar of Dithmenos.
   542 | D        | Found a stormy altar of Qazlal.
   542 | D        | Found a blossoming altar of Fedhas.
   542 | D        | Found a bloodstained altar of Trog.
   542 | D        | Found an iron altar of Okawaru.
   542 | D        | Found a glowing golden altar of the Shining One.
   542 | D        | Found a glowing silver altar of Zin.
   542 | D        | Found a white marble altar of Elyvilon.
   550 | D        | Found a sparkling altar of Nemelex Xobeh.
   654 | D        | Noticed a centaur warrior
   654 | D        | Noticed a centaur warrior
   659 | D        | Killed a centaur warrior
   659 | D        | Reached **** piety under Trog
   660 | D        | Reached skill level 15 in Long Blades
   665 | D        | Killed a centaur warrior
   666 | D        | Reached skill level 16 in Long Blades
   666 | D        | Reached XP level 9. HP: 96/96 MP: 8/8
   788 | D        | Noticed a deep troll
   795 | D        | Killed a deep troll
   796 | D        | Reached skill level 15 in Fighting
   796 | D        | Reached skill level 17 in Long Blades
   807 | D        | Found Moitemux's Armour Emporium.
   811 | D        | Bought a +1 leather armour of cold resistance for 168 gold
                  | pieces
   835 | D        | Noticed an oklob plant
   851 | D        | Killed an oklob plant
  1065 | D        | Reached ***** piety under Trog
  1066 | D        | Reached skill level 10 in Dodging
  1220 | D        | Killed an unseen horror
  1221 | D        | Reached skill level 18 in Long Blades
  1221 | D        | Reached XP level 10. HP: 97/107 MP: 9/9
  1250 | D        | HP: 5/107 [something (2)]
  1254 | D        | HP: 2/107 [something (1)]
  1264 | D        | Slain by an unseen horror

Illustrated notes

Levels and vault maps discovered:
D:        dungeon_sprint_1 [red_sonja_temple_1, red_sonja_temple_small_1]

Skill      XL: |  1  2  3  4  5  6  7  8  9 |
---------------+----------------------------+-----
Fighting       | 5 7 9 11 12 14 15 | 15.9
Long Blades    | 5 7 10 12 14 16 18 | 18.0
Armour         | 3 4 5 6 7 8 |  8.8
Dodging        | 3 5 6 7 9 10 | 10.2
Stealth        | 1 3 4 |  4.6

Action                   |  1- 3 |  4- 6 |  7- 9 | 10-12 || total
-------------------------+-------+-------+-------+-------++-------
Melee: Falchion          |     4 |    18 |    73 |    17 ||   112
       Headbutt          |     2 |     3 |    19 |     3 ||    27
       Punch             |       |       |     1 |       ||     1
Invok: Berserk           |     2 |     3 |     5 |       ||    10
  Use: Scroll            |       |       |     1 |       ||     1
       Potion            |       |       |       |     4 ||     4
 Stab: Sleeping          |       |       |     3 |       ||     3
Armor: Leather armour    |       |       |    16 |    14 ||    30
Dodge: Dodged            |     1 |     4 |    40 |    12 ||    57
